 Dungeon Crawl Stone Soup version 0.30-b1-2-g02819fbbbe (webtiles) character file.

Game seed: 2250435633782741136

107 MisterFreud the Covered (level 4, -7/34 HPs)
             Began as a Gnoll Wanderer on Sept 4, 2023.
             Killed from afar by an orc wizard (11 damage)
             ... with a puff of flame
             ... on level 2 of the Dungeon.
             The game lasted 00:02:03 (1523 turns).

MisterFreud the Covered (Gnoll Wanderer)            Turns: 1523, Time: 00:02:03

Health: -7/34      AC:  5    Str: 10    XL:     4   Next: 86%
Magic:  8/8        EV: 12    Int: 12    God:
Gold:   80         SH:  0    Dex: 14    Spells: 9/9 levels left

rFire   . . .        b - +2 dagger (drain)
rCold   . . .        (no shield)
rNeg    . . .        e - +0 robe
rPois   .            (no helmet)
rElec   .            l - +0 cloak
rCorr   .            g - +0 pair of gloves
SInv    .            (no boots)
Will    +....        (no amulet)
Stlth   ++           o - ring of willpower
HPRegen 0.25/turn    (no ring)
MPRegen 0.11/turn

%: no passive effects
@: brilliant
A: fangs 1, strong nose, distributed training
a: no special abilities


You were on level 2 of the Dungeon.
You visited 1 branch of the dungeon, and saw 3 of its levels.

You collected 80 gold pieces.

Inventory:

Hand Weapons
 a - a +2 sling
 b - a +2 dagger of draining (weapon)
 f - a +0 spear
 j - a +2 short sword of draining
Armour
 c - a +0 pair of gloves
 e - a +0 robe (worn)
 g - a +0 pair of gloves (worn)
 l - a +0 cloak (worn)
Jewellery
 o - a ring of willpower (left hand)
Scrolls
 d - 3 scrolls of fear
Potions
 h - a potion of mutation {unknown}
 i - a potion of degeneration
 k - a potion of lignification
 n - a potion of curing {unknown}


   Skills:
 + Level 2.8 Fighting
 + Level 1.3 Short Blades
 + Level 1.3 Long Blades
 + Level 1.3 Axes
 + Level 1.3 Maces & Flails
 + Level 2.8 Polearms
 + Level 1.3 Staves
 + Level 4.7 Ranged Weapons
 + Level 1.3 Throwing
 + Level 6.6 Armour
 + Level 1.3 Dodging
 + Level 2.6 Stealth
 + Level 1.3 Shields
 + Level 1.3 Unarmed Combat
 + Level 3.1 Spellcasting
 + Level 1.0 Conjurations
 + Level 1.0 Hexes
 + Level 1.0 Summonings
 + Level 1.0 Necromancy
 + Level 1.0 Translocations
 + Level 1.0 Transmutations
 + Level 1.0 Fire Magic
 + Level 1.0 Ice Magic
 + Level 1.0 Air Magic
 + Level 1.0 Earth Magic
 + Level 1.0 Poison Magic
 + Level 1.4 Invocations
 + Level 2.8 Evocations


You had 9 spell levels left.
You didn't know any spells.
Your spell library contained the following spells:

 Spells                   Type           Power      Damage    Failure   Level
 Hailstorm                Conj/Ice       6%         3d4       43%         3
 Ice Form                 Ice/Tmut       6%         N/A       83%         4
 Simulacrum               Ice/Necr       3%         N/A       100%        6


Dungeon Overview and Level Annotations

Branches:
Dungeon (3/15)

Altars:


Innate Abilities, Weirdness & Mutations

You have very sharp teeth.
Your uncanny sense of smell can sniff out nearby items.
Your experience applies equally to all skills.


Message History

You shoot a sling bullet.
The sling bullet closely misses the orc wizard.
The ball python bites you but does no damage.
The ball python grabs you. The ball python constricts you.
The orc hits you but does no damage.
The orc wizard hits you but does no damage.
The orc hits you but does no damage.
You shoot a sling bullet. The sling bullet hits the ball python.
You kill the ball python!
The orc wizard gestures wildly while chanting.
The orc wizard flickers and vanishes!
Deactivating autopickup; reactivate with Ctrl-A.
The orc hits you but does no damage. The orc misses you.
Unknown command.
You sense an unholy aura.
b - a +2 dagger of draining (weapon)
You miss something. Something hits you but does no damage.
The orc hits you but does no damage. x2
You hit something. Something hits you but does no damage.
The orc hits you with a +0 hand axe. The orc hits you with a +0 short sword.
You barely miss something. Something hits you. The orc barely misses you.
The orc hits you with a +0 short sword.
You hit something but do no damage.
You hear some strange, mumbled words.
A puff of flame appears from out of thin air!
The puff of flame hits you! The orc hits you but does no damage.
The orc hits you with a +0 short sword.
* * * LOW HITPOINT WARNING * * *
You barely miss something.
You hear some strange, mumbled words.
A puff of flame appears from out of thin air!
The puff of flame hits you.
* * * LOW HITPOINT WARNING * * *
The orc barely misses you. x2
It was a potion of brilliance.
You feel clever all of a sudden.
You hear some strange, mumbled words.
A puff of flame appears from out of thin air!
The puff of flame hits you!
You die...

....#.####....### #.# ########
###...# ###..# #.# ##...#...
###.#.## #..## #.####........
>.[.#..## #...## #..##.........
######..####.#..# ###.##.........
# ##.........###..........)... #
#.........##.....#.........
##.........o.......<....#...
######..)......†@.÷..÷.^.....####
...............{.o...........#
#####........................#
#.......÷........#..........##
...###...........##...##...##
#### ####.#....#÷###########
#######................#
.......................#
##########.#...........#


You could see 2 orcs.

Vanquished Creatures
  3 gnolls (D:2)
  2 adders (D:2)
  3 dart slugs
  4 endoplasms
  A giant cockroach (D:1)
  6 goblins
  3 hobgoblins
  4 jackals (D:2)
  4 quokkas
  7 ball pythons
  3 bats (D:1)
  2 frilled lizards (D:2)
  6 kobolds
  4 rats
52 creatures vanquished.

Notes
Turn   | Place    | Note
-------+----------+-------------------------------------------
     0 | D:1      | MisterFreud the Gnoll Wanderer began the quest for the Orb.
     0 | D:1      | MisterFreud set off with the following items: a +2 sling, a
                  | +0 spear, a +0 pair of gloves, a scroll of fear, a +0 robe.
     0 | D:1      | Reached XP level 1. HP: 17/17 MP: 4/4
    43 | D:1      | Reached XP level 2. HP: 21/23 MP: 5/5
   543 | D:1      | Reached XP level 3. HP: 28/28 MP: 7/7
   986 | D:2      | Reached skill level 1 in Invocations
  1001 | D:2      | Reached skill level 1 in Short Blades
  1001 | D:2      | Reached skill level 1 in Long Blades
  1001 | D:2      | Reached skill level 1 in Axes
  1001 | D:2      | Reached skill level 1 in Maces & Flails
  1001 | D:2      | Reached skill level 1 in Staves
  1001 | D:2      | Reached skill level 1 in Throwing
  1001 | D:2      | Reached skill level 1 in Dodging
  1001 | D:2      | Reached skill level 1 in Shields
  1001 | D:2      | Reached skill level 1 in Unarmed Combat
  1025 | D:2      | Reached XP level 4. HP: 34/34 MP: 8/8
  1163 | D:2      | Reached skill level 1 in Conjurations
  1163 | D:2      | Reached skill level 1 in Hexes
  1163 | D:2      | Reached skill level 1 in Summonings
  1163 | D:2      | Reached skill level 1 in Necromancy
  1163 | D:2      | Reached skill level 1 in Translocations
  1163 | D:2      | Reached skill level 1 in Transmutations
  1163 | D:2      | Reached skill level 1 in Fire Magic
  1163 | D:2      | Reached skill level 1 in Ice Magic
  1163 | D:2      | Reached skill level 1 in Air Magic
  1163 | D:2      | Reached skill level 1 in Earth Magic
  1163 | D:2      | Reached skill level 1 in Poison Magic
  1523 | D:2      | Killed from afar by an orc wizard

Illustrated notes

Levels and vault maps discovered:
D:1:      lemuel_arrival_rhombus, layout_basic, chequers_serial_rivers_marsh,
          serial_park_tiny_2, serial_park_tiny_1
D:2:      layout_rooms, patterned_corridor
D:3:      layout_loops_ring, serial_shops, shop_fountains, grunt_ministairs_14,
          uniq_jessica

Skill      XL: |  1  2  3  4 |
---------------+-------------+-----
Invocations    | 1 |  1.4
Short Blades   | 1 |  1.3
Long Blades    | 1 |  1.3
Axes           | 1 |  1.3
Maces & Flails | 1 |  1.3
Staves         | 1 |  1.3
Throwing       | 1 |  1.3
Dodging        | 1 |  1.3
Shields        | 1 |  1.3
Unarmed Combat | 1 |  1.3
Spellcasting   | 3 |  3.1
Conjurations   | 1 |  1.0
Hexes          | 1 |  1.0
Summonings     | 1 |  1.0
Necromancy     | 1 |  1.0
Translocations | 1 |  1.0
Transmutations | 1 |  1.0
Fire Magic     | 1 |  1.0
Ice Magic      | 1 |  1.0
Air Magic      | 1 |  1.0
Earth Magic    | 1 |  1.0
Poison Magic   | 1 |  1.0
Fighting       | |  2.8
Polearms       | |  2.8
Ranged Weapons | |  4.7
Armour         | |  6.6
Stealth        | |  2.6
Evocations     | |  2.8

Action                     |  1- 3 |  4- 6 || total
---------------------------+-------+-------++-------
  Melee: Dagger            |       |     5 ||     5
   Fire: Sling             |    78 |    44 ||   122
    Use: Scroll            |     3 |     1 ||     4
         Potion            |       |     1 ||     1
 Armour: Robe              |     4 |    15 ||    19
  Dodge: Dodged            |    16 |     7 ||    23
